% Time on Ice - NORTH DAKOTA HAWKS
Lines # - Real PCT - Wanted PCT - Time Play
Normal Forward
1 - 32% - 28% - 13:20
2 - 28% - 28% - 11:22
3 - 21% - 24% - 8:26
4 - 19% - 20% - 7:57
Normal Defense
1 - 34% - 35% - 14:02
2 - 35% - 35% - 14:12
3 - 25% - 18% - 10:13
4 - 6% - 12% - 2:38
PP Forward
1 - 49% - 50% - 4:54
2 - 51% - 50% - 5:07
PP Defense
1 - 51% - 50% - 5:07
2 - 49% - 50% - 4:54
PK Forward
1 - 50% - 50% - 3:27
2 - 50% - 50% - 3:28
PK Defense
1 - 49% - 50% - 3:23
2 - 51% - 50% - 3:32
PK3 Forward
1 - 0% - 50%
2 - 0% - 50%
PK3 Defense
1 - 0% - 50%
2 - 0% - 50%
44 Forward
1 - 39% - 50% - 0:46
2 - 61% - 50% - 1:13
44 Defense
1 - 39% - 50% - 0:46
2 - 61% - 50% - 1:13
Last Minute Offensive  - 0:00
Last Minute Defensive  - 0:00
Total
Forward - 60:00
Defense - 60:00
% Time on Ice - SPOKANE KNIGHTS
Lines # - Real PCT - Wanted PCT - Time Play
Normal Forward
1 - 37% - 35% - 15:20
2 - 32% - 35% - 13:19
3 - 22% - 23% - 9:13
4 - 8% - 7% - 3:13
Normal Defense
1 - 45% - 38% - 18:32
2 - 32% - 37% - 13:09
3 - 15% - 15% - 6:08
4 - 8% - 10% - 3:16
PP Forward
1 - 53% - 55% - 3:40
2 - 47% - 45% - 3:15
PP Defense
1 - 62% - 50% - 4:19
2 - 38% - 50% - 2:36
PK Forward
1 - 60% - 55% - 6:03
2 - 40% - 45% - 3:58
PK Defense
1 - 26% - 60% - 2:35
2 - 74% - 40% - 7:26
PK3 Forward
1 - 0% - 60%
2 - 0% - 40%
PK3 Defense
1 - 0% - 60%
2 - 0% - 40%
44 Forward
1 - 68% - 50% - 1:21
2 - 32% - 50% - 0:38
44 Defense
1 - 68% - 60% - 1:21
2 - 32% - 40% - 0:38
Last Minute Offensive  - 0:00
Last Minute Defensive  - 0:00
Total
Forward - 60:00
Defense - 60:00
Play-by-Play 1st period 0:01 of 1st period - Patrice Bergeron wins face-off versus Nick Suzuki in neutral zone. 0:17 of 1st period - Shot by Patrice Bergeron. 0:17 of 1st period - Shot Misses the Net. 0:30 of 1st period - Icing by Victor Hedman. 0:31 of 1st period - Patrice Bergeron wins face-off versus Zack Kassian in SPOKANE KNIGHTS zone. 0:33 of 1st period - Icing by Blake Wheeler. 0:34 of 1st period - Brandon Sutter wins face-off versus Patrice Bergeron in SPOKANE KNIGHTS zone. 0:47 of 1st period - Shot by Blake Wheeler. 0:47 of 1st period - Shot Misses the Net. 1:01 of 1st period - Shot by Brandon Sutter. 1:01 of 1st period - Shot Misses the Net. 1:27 of 1st period - Shot by Sebastian Aho. 1:27 of 1st period - Deflect By Patrick Kane. 1:27 of 1st period - Stopped by Henrik Lundqvist without a rebound. 1:28 of 1st period - Nic Dowd wins face-off versus Gaetan Haas in NORTH DAKOTA HAWKS zone. 1:28 of 1st period - Nic Dowd is hit by Tyler Pitlick. 2:25 of 1st period - Shot by Sebastian Aho. 2:25 of 1st period - Shot Blocked by Martin Marincin. 2:27 of 1st period - Shot by Patrick Kane. 2:27 of 1st period - Goal by Patrick Kane - NORTH DAKOTA HAWKS : 0 - SPOKANE KNIGHTS : 1. 2:28 of 1st period - Cody Eakin wins face-off versus Blake Wheeler in neutral zone. 2:40 of 1st period - Shot by Dougie Hamilton. 2:40 of 1st period - Shot Misses the Net. 2:42 of 1st period - Shot by Quinton Hughes. 2:42 of 1st period - Shot Misses the Net. 2:44 of 1st period - Shot by Dougie Hamilton. 2:44 of 1st period - Shot Blocked by Nick Foligno. 2:46 of 1st period - Shot by Cody Eakin. 2:46 of 1st period - Stopped by Matthew Murray without a rebound. 2:47 of 1st period - Sebastian Aho wins face-off versus Nick Suzuki in SPOKANE KNIGHTS zone. 2:47 of 1st period - Sebastian Aho is hit by Luke Kunin. 2:54 of 1st period - Sebastian Aho is hit by Marc Staal and loses puck. 3:06 of 1st period - Off-side. 3:07 of 1st period - Gaetan Haas wins face-off versus Ryan Carpenter in neutral zone. 3:12 of 1st period - Dougie Hamilton is hit by Gabriel Bourque and loses puck. 3:16 of 1st period - Icing by Dougie Hamilton. 3:17 of 1st period - Sebastian Aho wins face-off versus Matthew Nieto in NORTH DAKOTA HAWKS zone. 4:01 of 1st period - Ryan Carpenter is hit by Justin Abdelkader and loses puck. 4:11 of 1st period - Off-side. 4:12 of 1st period - Nick Suzuki wins face-off versus Tyler Pitlick in neutral zone. 4:24 of 1st period - Off-side. 4:25 of 1st period - Patrice Bergeron wins face-off versus Nic Dowd in neutral zone. 4:39 of 1st period - Minor Penalty to Nick Foligno for High sticking. 4:40 of 1st period - Nick Suzuki wins face-off versus Tyler Pitlick in SPOKANE KNIGHTS zone. 4:40 of 1st period - Dougie Hamilton is hit by Brent Seabrook and loses puck. 4:43 of 1st period - Shot by Brandon Sutter. 4:43 of 1st period - Shot Blocked by Brent Seabrook. 4:45 of 1st period - Shot by Nick Suzuki. 4:45 of 1st period - Goal by Nick Suzuki - NORTH DAKOTA HAWKS : 1 - SPOKANE KNIGHTS : 1. 4:46 of 1st period - Nick Suzuki wins face-off versus Gaetan Haas in neutral zone. 4:48 of 1st period - Marc Staal is hit by Dan Hamhuis and loses puck. 5:11 of 1st period - Shot by Gaetan Haas. 5:11 of 1st period - Stopped by Henrik Lundqvist without a rebound. 5:12 of 1st period - Justin Abdelkader wins face-off versus Brandon Sutter in NORTH DAKOTA HAWKS zone. 5:31 of 1st period - Shot by Brandon Sutter. 5:31 of 1st period - Shot Misses the Net. 6:04 of 1st period - Icing by Cale Makar. 6:05 of 1st period - Sebastian Aho wins face-off versus Nic Dowd in SPOKANE KNIGHTS zone. 6:05 of 1st period - Sebastian Aho is hit by Zack Kassian. 6:17 of 1st period - Shot by Nic Dowd. 6:17 of 1st period - Deflect By Zack Kassian. 6:17 of 1st period - Shot Misses the Net. 6:19 of 1st period - Shot by Frank Vatrano. 6:19 of 1st period - Stopped by Matthew Murray without a rebound. 6:20 of 1st period - Nick Suzuki wins face-off versus Gaetan Haas in SPOKANE KNIGHTS zone. 6:25 of 1st period - Shot by Nick Suzuki. 6:25 of 1st period - Shot Misses the Net. 7:10 of 1st period - Minor Penalty to Johnny Boychuk for Hooking. 7:11 of 1st period - Ryan Carpenter wins face-off versus Sebastian Aho in NORTH DAKOTA HAWKS zone. 7:11 of 1st period - Ryan Carpenter is hit by Matthew Tkachuk. 8:13 of 1st period - Shot by Patrick Kane. 8:13 of 1st period - Stopped by Henrik Lundqvist without a rebound. 8:14 of 1st period - Patrick Kane wins face-off versus Ryan Carpenter in NORTH DAKOTA HAWKS zone. 9:17 of 1st period - Gaetan Haas is hit by Ryan Lindgren and loses puck. 9:38 of 1st period - Shot by Luke Kunin. 9:38 of 1st period - Shot Blocked by Roman Polak. 10:15 of 1st period - Shot by Patrice Bergeron. 10:15 of 1st period - Stopped by Henrik Lundqvist without a rebound. 10:16 of 1st period - Sebastian Aho wins face-off versus Nic Dowd in NORTH DAKOTA HAWKS zone. 10:24 of 1st period - Frank Vatrano is hit by Justin Abdelkader and loses puck. 10:41 of 1st period - Nic Dowd is hit by Justin Abdelkader and loses puck. 11:52 of 1st period - Shot by Valeri Nichushkin. 11:52 of 1st period - Shot Misses the Net. 12:12 of 1st period - Shot by Blake Wheeler. 12:12 of 1st period - Shot Misses the Net. 12:28 of 1st period - Shot by Matthew Tkachuk. 12:28 of 1st period - Shot Misses the Net. 14:27 of 1st period - Minor Penalty to Brent Seabrook for Interference. 14:28 of 1st period - Nick Suzuki wins face-off versus Tyler Pitlick in SPOKANE KNIGHTS zone. 14:35 of 1st period - Shot by Nick Suzuki. 14:35 of 1st period - Stopped by Matthew Murray without a rebound. 14:36 of 1st period - Nick Foligno wins face-off versus Nick Suzuki in SPOKANE KNIGHTS zone. 15:23 of 1st period - Icing by Dougie Hamilton. 15:24 of 1st period - Ryan Carpenter wins face-off versus Nick Foligno in NORTH DAKOTA HAWKS zone. 16:18 of 1st period - Shot by Luke Kunin. 16:18 of 1st period - Stopped by Matthew Murray without a rebound. 16:19 of 1st period - Nick Suzuki wins face-off versus Nick Foligno in SPOKANE KNIGHTS zone. 16:35 of 1st period - Icing by Marc Staal. 16:36 of 1st period - Patrice Bergeron wins face-off versus Nic Dowd in NORTH DAKOTA HAWKS zone. 16:47 of 1st period - Shot by Patrice Bergeron. 16:47 of 1st period - Goal by Patrice Bergeron - NORTH DAKOTA HAWKS : 1 - SPOKANE KNIGHTS : 2. 16:48 of 1st period - Brandon Sutter wins face-off versus Patrice Bergeron in neutral zone. 17:51 of 1st period - Icing by Cale Makar. 17:52 of 1st period - Nic Dowd wins face-off versus Gaetan Haas in SPOKANE KNIGHTS zone. 17:57 of 1st period - Shot by Frank Vatrano. 17:57 of 1st period - Stopped by Matthew Murray without a rebound. 17:58 of 1st period - Sebastian Aho wins face-off versus Nic Dowd in SPOKANE KNIGHTS zone. 18:03 of 1st period - Cale Makar is hit by Nic Dowd and loses puck. 18:31 of 1st period - Shot by Zack Kassian. 18:31 of 1st period - Stopped by Matthew Murray without a rebound. 18:32 of 1st period - Matthew Tkachuk wins face-off versus Nick Suzuki in SPOKANE KNIGHTS zone. 18:37 of 1st period - Shot by Patrice Bergeron. 18:37 of 1st period - Stopped by Henrik Lundqvist without a rebound. 18:38 of 1st period - Patrice Bergeron wins face-off versus Nick Suzuki in NORTH DAKOTA HAWKS zone. 18:55 of 1st period - Shot by Blake Wheeler. 18:55 of 1st period - Deflect By Patrice Bergeron. 18:55 of 1st period - Shot Misses the Net. 18:57 of 1st period - Shot by Victor Hedman. 18:57 of 1st period - Shot Blocked by Luke Kunin. 19:20 of 1st period - Matthew Tkachuk is hit by Quinton Hughes and loses puck. 19:47 of 1st period - Shot by Zack Kassian. 19:47 of 1st period - Deflect By Nic Dowd. 19:47 of 1st period - Shot Misses the Net. Goals for this period are 1 for NORTH DAKOTA HAWKS vs 2 for SPOKANE KNIGHTS. Shots for this period are 7 for NORTH DAKOTA HAWKS vs 7 for SPOKANE KNIGHTS. 2nd period 0:01 of 2nd period - Nic Dowd wins face-off versus Sebastian Aho in neutral zone. 0:12 of 2nd period - Shot by Frank Vatrano. 0:12 of 2nd period - Stopped by Matthew Murray without a rebound. 0:13 of 2nd period -